Map: Echo LE (Void)

Players

Protosser

  • Race: Protoss Protoss
  • League: Grandmaster

celphy - Winner!

  • Race: Zerg Zerg
  • League: Grandmaster

VOD

https://www.youtube.com/watch?v=pCtxleO9tyY

Description

Drop banelings against 2 base wall-off toss

Time

  • Played on: June 30, 2015, 8:52 a.m.
  • Length: 16:33
Show
View Real Time Build Order
Export as new Build Order

Protosser Protoss 

Build Orders:  

Get SALT Encoding   

  12  0:01  Probe  
  13  0:14  Pylon  
  13  0:18  Probe  
  14  0:32  Probe (Chrono Boost)  
  14  0:35  Gateway  
  16  0:44  Probe (Chrono Boost)  
  16  0:50  Probe (Chrono Boost)  
  16  0:55  Assimilator  
  17  0:58  Assimilator  
  17  1:01  Probe  
  18  1:14  Probe  
  18  1:16  Pylon  
  19  1:35  Cybernetics Core  
  19  1:39  Zealot  
  21  1:42  Probe (Chrono Boost)  
  22  1:52  Probe (Chrono Boost)  
  22  2:12  Warp Gate (Chrono Boost)  
  22  2:14  Mothership Core  
  24  2:18  Nexus  
  24  2:26  Pylon  
  24  2:34  Stalker  
  26  2:57  Probe  
  25  3:06  Gateway  
  25  3:07  Gateway  
  25  3:10  Probe  
  25  3:20  Stalker (Chrono Boost)  
  25  3:27  Pylon  
  25  3:45  Sentry (Chrono Boost)  
  27  3:50  Gateway  
  27  3:52  Gateway  
  27  3:54  Probe  
  27  4:10  Probe x2  
  27  4:15  Gateway  
  29  4:19  Pylon  
  29  4:21  Sentry x3  
  29  4:22  Probe x2  
  35  4:34  Probe (Chrono Boost)  
  35  4:35  Probe (Chrono Boost)  
  35  4:38  Forge  
  27  4:47  Probe (Chrono Boost)  
  29  4:54  Stalker x2  
  32  5:02  Probe (Chrono Boost)  
  32  5:03  Probe (Chrono Boost)  
  34  5:12  Probe x2 (Chrono Boost), Protoss Ground Weapons Level 1 (Chrono Boost)  
  36  5:19  Probe (Chrono Boost)  
  38  5:22  Probe (Chrono Boost)  
  38  5:32  Twilight Council  
  38  5:34  Probe (Chrono Boost)  
  40  5:39  Probe (Chrono Boost)  
  40  5:48  Probe (Chrono Boost)  
  40  5:49  Probe (Chrono Boost)  
  42  5:56  Probe (Chrono Boost)  
  44  5:57  Probe (Chrono Boost)  
  44  6:02  Probe (Chrono Boost)  
  44  6:03  Probe  
  46  6:06  Photon Cannon  
  46  6:11  Blink (Chrono Boost)  
  46  6:13  Probe (Chrono Boost)  
  46  6:16  Gateway  
  47  6:23  Gateway  
  49  6:25  Probe (Chrono Boost)  
  49  6:26  Probe (Chrono Boost)  
  49  6:34  Probe (Chrono Boost)  
  49  6:35  Probe (Chrono Boost)  
  49  6:39  Pylon  
  51  6:47  Stalker x2  
  42  6:53  Probe x2  
  46  6:56  Stalker  
  48  7:05  Probe (Chrono Boost)  
  48  7:07  Probe (Chrono Boost)  
  51  7:17  Probe (Chrono Boost)  
  51  7:18  Pylon  
  51  7:21  Probe (Chrono Boost)  
  52  7:24  Probe (Chrono Boost)  
  52  7:25  Stalker  
  52  7:26  Stalker  
  52  7:29  Probe  
  58  7:36  Stalker  
  60  7:37  Stalker  
  60  7:38  Probe  
  60  7:41  Probe  
  64  7:54  Stalker x2  
  68  8:06  Pylon  
  68  8:12  Pylon  
  68  8:34  Stalker x3  
  68  8:39  Nexus  
  74  8:42  Pylon  
  74  8:43  Pylon  
  74  8:47  Pylon  
  62  9:11  Stalker  
  62  9:12  Stalker x5  
  62  9:16  Probe  
  62  9:17  Probe  
  68  9:27  Stalker  
  70  9:40  Photon Cannon  
  70  9:47  Probe x2  
  70  9:50  Assimilator  
  70  9:52  Stalker x2  
  76  9:53  Assimilator  
  76  9:58  Stargate  
  76  10:04  Probe  
  77  10:14  Probe x2  
  79  10:17  Gateway  
  79  10:20  Probe  
  80  10:26  Probe  
  80  10:28  Probe  
  82  10:32  Probe  
  82  10:33  Stargate  
  81  10:45  Void Ray (Chrono Boost)  
  85  10:52  Probe x3  
  88  11:04  Probe (Chrono Boost)  
  88  11:08  Probe x2 (Chrono Boost)  
  91  11:16  Probe (Chrono Boost)  
  94  11:20  Probe x2 (Chrono Boost)  
  94  11:21  Void Ray (Chrono Boost)  
  94  11:23  Probe (Chrono Boost)  
  99  11:28  Probe, Void Ray (Chrono Boost)  
  104  11:33  Zealot  
  106  11:44  Pylon  
  106  11:50  Pylon  
  106  12:02  Void Ray x2  
  106  12:05  Probe  
  106  12:08  Probe x2  
  104  12:17  Probe  
  104  12:20  Probe, Zealot x6  
  112  12:38  Photon Cannon  
  112  12:45  Robotics Facility  
  112  12:48  Pylon  
  112  12:49  Pylon  
  112  13:05  Pylon  
  112  13:06  Probe, Oracle (Chrono Boost)  
  112  13:07  Probe  
  117  13:19  Nexus  
  117  13:26  Photon Cannon  
  118  13:34  Observer  
  118  13:52  Photon Cannon  
  118  13:55  Observer, Photon Cannon  
  119  14:12  Observer  
  119  14:14  Void Ray (Chrono Boost)  
  124  14:18  Assimilator x2  
  124  14:22  Void Ray (Chrono Boost)  
  128  14:25  Probe x2  
  130  14:43  Observer  
  131  14:50  Dark Shrine  
  131  14:51  Fleet Beacon  
  131  14:56  Nexus  
  131  15:08  Pylon  
  131  15:10  Pylon  
  131  15:22  Void Ray x2  
  139  15:33  Stargate  
  139  15:37  Stargate  
  139  15:49  Photon Cannon  
  139  15:51  Photon Cannon  
  139  15:53  Gateway  
  139  15:54  Gateway  
  139  15:58  Photon Cannon, Assimilator  
  139  16:03  Assimilator  
  114  16:19  Zealot  
  114  16:20  Zealot x6  
  114  16:21  Zealot  
Show
View Real Time Build Order
Export as new Build Order

celphy Zerg - Winner!

Build Orders: Pool First 

Get SALT Encoding   

  12  0:01  Drone  
  13  0:13  Overlord  
  13  0:21  Drone  
  14  0:36  Spawning Pool  
  14  0:38  Extractor  
  14  0:40  Drone  
  13  0:47  Drone  
  14  0:56  Drone x2  
  16  1:04  Drone  
  17  1:17  Overlord  
  17  1:24  Zergling x2  
  18  1:26  Queen  
  20  1:41  Drone  
  20  1:42  Metabolic Boost  
  21  1:52  Zergling x2  
  22  2:10  Zergling x4  
  22  2:15  Queen  
  26  2:23  Baneling Nest  
  26  2:24  Hatchery  
  26  2:25  Zergling x2  
  25  2:35  Zergling x2  
  26  2:37  Zergling x4  
  28  2:45  Overlord  
  28  2:56  Zergling x2  
  28  2:57  Zergling x2  
  30  3:05  Zergling x2  
  28  3:17  Zergling x8  
  31  3:21  Zergling x2  
  31  3:30  Zergling x2  
  31  3:41  Zergling x2  
  31  3:48  Baneling x4  
  30  3:54  Drone  
  31  3:55  Spore Crawler  
  31  3:59  Drone x4  
  34  4:12  Spore Crawler  
  31  4:21  Drone x3  
  30  4:25  Drone  
  30  4:26  Drone  
  29  4:43  Lair  
  29  4:45  Roach Warren  
  27  4:51  Zergling x4  
  29  5:01  Evolution Chamber  
  29  5:03  Zergling x6  
  31  5:12  Drone x3  
  34  5:22  Overlord  
  34  5:24  Baneling x2  
  34  5:27  Baneling x2  
  34  5:32  Drone x2  
  34  5:34  Overlord  
  35  5:51  Drone x2  
  35  5:52  Drone x4  
  35  5:55  Extractor  
  35  5:56  Extractor  
  39  6:07  Drone x4  
  39  6:08  Drone x2  
  39  6:09  Drone x2  
  47  6:19  Drone  
  47  6:20  Drone x2, Glial Reconstitution  
  47  6:22  Zerg Missile Weapons Level 1  
  46  6:50  Hatchery  
  45  6:54  Roach x3  
  45  6:58  Overlord x2  
  51  7:05  Overlord x2  
  51  7:15  Queen  
  51  7:16  Overlord x2  
  51  7:21  Roach x3  
  59  7:24  Overlord  
  59  7:25  Roach  
  59  7:26  Roach x2  
  65  7:32  Infestation Pit  
  65  7:35  Roach x3  
  70  7:39  Roach  
  70  7:44  Roach x2  
  76  7:45  Overlord  
  76  8:05  Tunneling Claws  
  76  8:09  Drone x6  
  76  8:10  Drone x4  
  76  8:12  Burrow  
  86  8:17  Roach x2  
  88  8:21  Zerg Missile Weapons Level 2  
  88  8:31  Roach  
  88  8:33  Spine Crawler x2, Roach  
  90  8:38  Roach x2  
  90  8:40  Roach  
  96  8:48  Roach x3  
  96  8:59  Roach x5  
  98  9:04  Roach x3  
  98  9:05  Roach  
  98  9:08  Roach  
  98  9:09  Roach  
  102  9:12  Roach  
  104  9:21  Roach x4  
  104  9:22  Roach  
  114  9:31  Roach  
  114  9:34  Overlord x2  
  114  9:39  Extractor  
  114  9:43  Overlord, Spine Crawler  
  114  9:45  Roach  
  114  9:53  Drone, Overlord  
  114  9:54  Overlord  
  114  9:56  Drone  
  116  10:11  Roach  
  116  10:12  Roach x9  
  136  10:28  Hive  
  136  10:31  Roach  
  136  10:32  Roach x5  
  144  10:45  Roach x5  
  154  10:53  Overlord x3  
  154  11:02  Overlord  
  154  11:03  Overlord x2  
  152  11:28  Hatchery, Queen  
  152  11:30  Drone x4  
  152  11:31  Drone x2  
  159  11:37  Roach  
  159  11:38  Roach x4  
  169  11:44  Roach  
  169  11:53  Roach  
  165  12:07  Zerg Missile Weapons Level 3  
  163  12:10  Hydralisk Den  
  158  12:22  Roach x28  
  124  12:31  Roach  
  126  12:44  Overlord x3  
  126  12:46  Hydralisk  
  126  12:47  Hydralisk x9, Muscular Augments  
  146  12:57  Drone x2  
  146  12:58  Drone  
  149  13:03  Hydralisk x3  
  155  13:13  Evolution Chamber x2, Viper  
  155  13:14  Evolution Chamber x2  
  154  13:23  Extractor  
  154  13:25  Spine Crawler x2  
  154  13:26  Spore Crawler  
  150  13:27  Extractor  
  150  13:30  Hydralisk  
  150  13:31  Hydralisk x3  
  150  13:33  Viper  
  160  13:41  Drone x3  
  160  13:42  Drone x2, Extractor  
  160  13:43  Drone  
  165  13:55  Hydralisk x2  
  165  13:56  Hydralisk  
  171  14:08  Overseer  
  171  14:09  Overseer  
  171  14:18  Viper  
  171  14:21  Roach x2  
  171  14:23  Queen  
  180  14:25  Queen  
  180  14:30  Roach  
  182  14:41  Ravager  
  183  14:50  Hydralisk  
  183  14:51  Hydralisk x5  
  194  15:12  Queen  
  194  15:13  Pneumatized Carapace, Hydralisk x2  
  196  15:17  Pathogen Glands  
  200  15:24  Overseer  
  200  15:27  Spine Crawler  
  200  15:28  Spine Crawler  
  198  15:30  Roach  
Tags
 
Add a new tag
Caveats
  • Supply blocks, unpowered buildings, or Contaminate may cause inaccurate times.
  • Supply counts are checked every 10 seconds.